 Dungeon Crawl Stone Soup version 0.17-a0-2171-ga91b4ec (webtiles) character file.

583 M4edhros the Sneak (level 7, -2/43 HPs)
             Began as an Octopode Artificer on Oct 25, 2015.
             Slain by an ogre
             ... wielding a +0 giant spiked club
              (16 damage)
             ... on level 4 of the Dungeon.
             The game lasted 00:03:55 (2703 turns).

M4edhros the Sneak (Octopode Artificer)             Turns: 2703, Time: 00:03:55

Health: -2/43      AC:  6    Str: 16    XL:     7   Next: 37%
Magic:  12/12      EV: 12    Int: 15    God:
Gold:   249        SH:  0    Dex: 14    Spells: 0 memorised, 6 levels left

rFire  . . .     SeeInvis .     f - +2 flail (protect)
rCold  . . .     Clarity  .     (no shield)
rNeg   . . .     SustAt   .     (helmet restricted)
rPois  .         Gourm    .     (no amulet)
rElec  .         Spirit   .     n - +4 ring of strength
rCorr  .         Warding  .     (no ring)
rMut   .         Stasis   .     (no ring)
MR     .....                    (no ring)
Stlth  +++++.....               (no ring)
                                (no ring)
                                (no ring)
                                (no ring)

@: not resistant to hostile enchantments, quite stealthy
A: almost no armour, amphibious, 8 rings, constrict 8, tentacle spike 1,
camouflage 1, blurry vision 1, screaming 1, strong 1, wild magic 1, gelatinous
body 1
a: no special abilities


You were on level 4 of the Dungeon.
You were not hungry.

You visited 1 branch of the dungeon, and saw 5 of its levels.

You collected 249 gold pieces.

Inventory:

Hand Weapons
 a - a +0 short sword
 f - a +2 flail of protection (weapon)
 w - a +0 short sword
Jewellery
 n - a +4 ring of strength (left tentacle)
Wands
 b - a wand of flame (10)
 c - a wand of enslavement (14)
 d - a wand of random effects (7)
 q - a wand of slowing (33)
 r - a wand of fire (0)
 x - a wand of fireball (11)
Scrolls
 l - a scroll of identify
 p - a scroll of magic mapping {unknown}
 t - a scroll of enchant armour
 u - a scroll of fog {unknown}
 y - a scroll of enchant weapon
Potions
 h - 4 potions of might {unknown}
 i - a potion of cancellation {unknown}
 j - a potion of resistance {unknown}
 k - a potion of degeneration {unknown}
 m - a potion of curing {unknown}
 o - a potion of cure mutation {unknown}
Comestibles
 e - 3 bread rations
 g - a slice of pizza
 s - 5 fruits


   Skills:
 - Level 1.0 Fighting
 - Level 1.0 Short Blades
 - Level 2.0 Dodging
 + Level 7.9 Stealth
 + Level 6.7 Evocations


You had 6 spell levels left.
You didn't know any spells.

Dungeon Overview and Level Annotations

Branches:
Dungeon (5/15)
 Temple: D:4-7

Altars:
Ru
Sif Muna


Innate Abilities, Weirdness & Mutations

You cannot wear most types of armour.
You are amphibious.
You can wear up to eight rings at the same time.
You can use your tentacles to constrict eight enemies at once.
Your skin changes colour to match your surroundings (Stealth).
Your rubbery body absorbs attacks (AC +1).
One of your tentacles bears a spike.
Scrolls take you a little longer to read.
You occasionally shout uncontrollably at your foes.
Your muscles are strong. (Str +2)
Your spells are a little harder to cast, but a little more powerful.


Message History

You hit the ogre.
You pierce the ogre, but do no damage.
You squeeze the ogre!
The ogre is heavily wounded.
The ogre hits you with a giant spiked club!!
Ouch! That really hurt!
You barely miss the ogre.
You pierce the ogre, but do no damage.
The ogre is heavily wounded.
The ogre closely misses you.
Evoke which item? (* to show all) (? for menu, Esc to quit)
Zapping:
d - a wand of random effects (9)
Press: ? - help, Shift-Dir - straight line, f - ogre
Aim: an ogre, wielding a giant spiked club (heavily wounded)
The rock shatters into small pieces.
This wand has 8 charges left.
Evoke which item? (* to show all) (? for menu, Esc to quit)
Zapping:
d - a wand of random effects (8)
Press: ? - help, Shift-Dir - straight line, f/p - ogre
Aim: an ogre, wielding a giant spiked club (heavily wounded)
The ogre flickers and vanishes!
Deactivating autopickup; reactivate with Ctrl-A.
This wand has 7 charges left.
Something hits you!
You die...

#.........# #.
#.......#.# #.
#.......#.# #.
#.......#.# #.
#.#...###.# #.
#.#.### #.# #$
#.#.# #.#
######.#######.#.#
#.#
......{@.......#.#
#.#
################..
#.# #.......# ###
#.# #.#####.# #.#
#.# #.# #.# #.#
#.# #.# #.# #.#
#.# #.# #.# #.#
#.# #.# #.#


There were no monsters in sight!

Vanquished Creatures
  2 sky beasts (D:5)
  2 centaurs (D:5)
  A giant frog zombie (D:5)
  Natasha (D:2)
  2 orc wizards (D:5)
  2 worker ants
  3 gnolls (D:5)
  An adder zombie (D:5)
  3 giant geckos
  7 orcs
  5 giant cockroaches
  2 goblins (D:3)
  4 hobgoblins
  2 kobolds (D:1)
  2 quokkas
  2 ball pythons
  3 bats
  A giant gecko skeleton (D:5)
  2 giant newts
  A rat (D:2)
48 creatures vanquished.

Vanquished Creatures (others)
  A worker ant (D:5)
1 creature vanquished.

Grand Total: 49 creatures vanquished

Notes
Turn   | Place    | Note
--------------------------------------------------------------
     0 | D:1      | M4edhros the Octopode Artificer began the quest for the Orb.
     0 | D:1      | Reached XP level 1. HP: 13/13 MP: 3/3
   440 | D:2      | Reached XP level 2. HP: 15/18 MP: 4/4
   493 | D:2      | Noticed Natasha
   500 | D:2      | Killed Natasha
   500 | D:2      | Reached skill level 4 in Evocations
   500 | D:2      | Reached XP level 3. HP: 23/23 MP: 4/6
  1232 | D:4      | Found a sacrificial altar of Ru.
  1256 | D:5      | Entered Level 5 of the Dungeon
  1258 | D:5      | Found a deep blue altar of Sif Muna.
  1300 | D:5      | Reached XP level 4. HP: 23/28 MP: 7/7
  1382 | D:5      | Noticed a sky beast
  1388 | D:5      | Killed a sky beast
  1388 | D:5      | Reached skill level 5 in Stealth
  1388 | D:5      | Reached skill level 5 in Evocations
  1388 | D:5      | Reached XP level 5. HP: 24/33 MP: 8/8
  1394 | D:5      | Gained mutation: You can translocate small distances at will. [mutagenic meat]
  1395 | D:5      | Lost mutation: You can translocate small distances at will. [mutagenic meat]
  1396 | D:5      | Gained mutation: You occasionally shout uncontrollably at your foes. [mutagenic meat]
  1397 | D:5      | Gained mutation: One of your tentacles bears a spike. [mutagenic meat]
  1414 | D:5      | Noticed a sky beast
  1422 | D:5      | Noticed a centaur
  1424 | D:5      | Killed a centaur
  1424 | D:5      | Reached skill level 6 in Stealth
  1424 | D:5      | Reached XP level 6. HP: 38/38 MP: 8/10
  1448 | D:5      | Killed a sky beast
  1457 | D:5      | Gained mutation: Your spells are a little harder to cast, but a little more powerful. [mutagenic meat]
  1458 | D:5      | Gained mutation: Your muscles are strong. (Str +2) [mutagenic meat]
  1459 | D:5      | Gained mutation: Scrolls take you a little longer to read. [mutagenic meat]
  1737 | D:5      | Reached skill level 7 in Stealth
  1742 | D:5      | Reached XP level 7. HP: 26/43 MP: 11/11
  2693 | D:4      | Noticed an ogre
  2703 | D:4      | Slain by an ogre

Vault maps used:
D:1:      elethiomel_arrival_infinity_welcomes_careful_drivers,
          minmay_curled_crystal, minmay_misc_feat_tower
D:2:      uniq_natasha
D:3:      gammafunk_temple_overflow_statue, minmay_misc_feat_alley,
          grunt_ministairs_1, minivault_23, xom_teletrap_fun
D:4:      lemuel_crystal_altar, first_bread, kennysheep_dice
D:5:      basic_altar, minivault_11

Action                   |  1- 3 |  4- 6 |  7- 9 || total
-------------------------+-------+-------+-------++-------
Melee: Short sword       |    49 |    43 |     8 ||   100
       Flail             |       |       |    20 ||    20
Evoke: Wand              |       |    12 |     3 ||    15
  Use: Potion            |       |     1 |       ||     1
       Scroll            |       |       |     5 ||     5
 Stab: Sleeping          |     7 |     2 |     3 ||    12
       Distracted        |     1 |       |       ||     1
  Eat: Chunk             |       |     9 |     1 ||    10
       Meat ration       |       |       |     1 ||     1
